 Dungeon Crawl Stone Soup version 0.29-a0-284-gf9362112df (webtiles) character file.

Game seed: 1126028305499828481

17 Dvallin the Bolt Thrower (level 2, -1/22 HPs)
             Began as a Formicid Hunter on Mar 18, 2022.
             Slain by a quokka (2 damage)
             ... on level 1 of the Dungeon.
             The game lasted 00:00:55 (316 turns).

Dvallin the Bolt Thrower (Formicid Hunter)           Turns: 316, Time: 00:00:56

Health: -1/22      AC:  3    Str: 15    XL:     2   Next: 80%
Magic:  2/2        EV: 11    Int:  8    God:
Gold:   44         SH:  0    Dex: 14    Spells: 1/1 levels left

rFire   . . .      SeeInvis +   a - +1 hand crossbow
rCold   . . .      Faith    .   (no shield)
rNeg    . . .      Spirit   .   b - +0 leather armour
rPois   .          Reflect  .   (helmet unavailable)
rElec   .          Harm     .   (no cloak)
rCorr   .          Rampage  .   (no gloves)
Will    .....                   (no boots)
Stlth   +.........              (no amulet)
HPRegen 0.07/turn               (no ring)
MPRegen 0.08/turn               (no ring)

@: no status effects
A: permanent stasis, dig shafts and tunnels, antennae 3, four strong arms
a: Dig, Shaft Self


You were on level 1 of the Dungeon.
You visited 1 branch of the dungeon, and saw 1 of its levels.

You collected 44 gold pieces.

Inventory:

Hand Weapons
 a - a +1 hand crossbow (weapon)
Armour
 b - a +0 leather armour (worn)
Scrolls
 c - 2 scrolls of immolation
 d - a scroll of identify {unknown}
 e - a scroll of enchant armour {unknown}


   Skills:
 - Level 2.1 Fighting
 + Level 4.7 Crossbows
 - Level 1.7 Dodging
 - Level 1.2 Stealth


You had one spell level left.
You didn't know any spells.
Your spell library contained the following spells:

 Spells                   Type           Power      Damage    Failure   Level
 Ignite Poison            Fire/Tmut/Pois 0%         N/A       85%         3
 Mephitic Cloud           Conj/Pois/Air  0%         N/A       85%         3
 Freezing Cloud           Conj/Ice/Air   0%         6-21      100%        5


Dungeon Overview and Level Annotations

Branches:
Dungeon (1/15)

Altars:


Innate Abilities, Weirdness & Mutations

You cannot be hasted, slowed, berserked, paralysed or teleported.
You can dig through walls and to a lower floor.
You have a pair of large antennae on your head. (SInv)
Your four strong arms can wield two-handed weapons with a shield.


Message History

* * * LOW HITPOINT WARNING * * *
Shoot: a) +1 hand crossbow
Press: ? - help, Q - select action, (/) - cycle Shift-Dir - straight line, f/p - hobgoblin
Aim: a hobgoblin (almost dead, 64% to hit)
You shoot a bolt.
The bolt hits the hobgoblin but does no damage.
The hobgoblin is almost dead.
The hobgoblin closely misses you.
Shoot: a) +1 hand crossbow
Press: ? - help, Q - select action, (/) - cycle Shift-Dir - straight line, f/p - hobgoblin
Aim: a hobgoblin (almost dead, 64% to hit)
You shoot a bolt. The bolt hits the hobgoblin.
You kill the hobgoblin!
The quokka closely misses you. x2
Shoot: a) +1 hand crossbow
Press: ? - help, Q - select action, (/) - cycle Shift-Dir - straight line, f - quokka
Aim: a quokka (54% to hit)
You shoot a bolt. The bolt closely misses the quokka.
The quokka barely misses you. The quokka bites you.
* * * LOW HITPOINT WARNING * * *
Shoot: a) +1 hand crossbow
Press: ? - help, Q - select action, (/) - cycle Shift-Dir - straight line, f/p - quokka
Aim: a quokka (54% to hit)
You shoot a bolt. The bolt hits the quokka.
The quokka is moderately wounded.
The quokka barely misses you.
Shoot: a) +1 hand crossbow
Press: ? - help, Q - select action, (/) - cycle Shift-Dir - straight line, f/p - quokka
Aim: a quokka (moderately wounded, 54% to hit)
You shoot a bolt. The bolt barely misses the quokka.
The quokka bites you.
* * * LOW HITPOINT WARNING * * *
Shoot: a) +1 hand crossbow
Press: ? - help, Q - select action, (/) - cycle Shift-Dir - straight line, f/p - quokka
Aim: a quokka (moderately wounded, 54% to hit)
You shoot a bolt.
The bolt hits the quokka but does no damage.
The quokka is moderately wounded.
The quokka bites you.
You die...

###..##.#........########.###
##....).#.......# #.#
#.....#...........# #.#
..###.####........# #.#
#.####.......## #.# ..
..........# #.# #.
.#........# #.# ###........#
#.# ##.@....## #.# ##r....##
#.# #...##..## #.#
#...†.#)##...## #.#
###...#.###...#### #.#
#.#............# #.#
#.#.#..####..(.# #.# # ##.#
##..)# #.# .# ##..# #.#


You could see a quokka.

Vanquished Creatures
  A bat (D:1)
  3 endoplasms (D:1)
  2 goblins (D:1)
  A hobgoblin (D:1)
  A kobold (D:1)
  A quokka (D:1)
  2 ball pythons (D:1)
  3 frilled lizards (D:1)
  2 rats (D:1)
16 creatures vanquished.

Notes
Turn   | Place    | Note
-------+----------+-------------------------------------------
     0 | D:1      | Dvallin the Formicid Hunter began the quest for the Orb.
     0 | D:1      | Reached XP level 1. HP: 16/16 MP: 1/1
   174 | D:1      | Reached XP level 2. HP: 22/22 MP: 2/2
   315 | D:1      | HP: 1/22 [quokka (2)]
   316 | D:1      | Slain by a quokka

Illustrated notes

Levels and vault maps discovered:
D:1:      sevenhm_arrival_forest_fort_large_1, layout_rooms

Action                   || total
-------------------------++-------
 Fire: Hand crossbow     ||    50
 Abil: Dig               ||     2
Armor: Leather armour    ||     1
Dodge: Dodged            ||     9

Table legend: (Time is in decaauts)
 A = Elapsed time spent in this place.
 B = Non-inter-level travel time spent in this place.
 C = Inter-level travel time spent in this place.
 D = Time resting spent in this place.
 E = Time spent auto-exploring this place.
 F = Levels seen in this place.
 G = Mean time per level.
                   A        B        C        D        E       F      G
               +--------+--------+--------+--------+--------+-----+--------+
         Total |    334 |    334 |      0 |      0 |    239 |   1 |  334.0 |
       Dungeon |    334 |    334 |      0 |      0 |    239 |   1 |  334.0 |
               +--------+--------+--------+--------+--------+-----+--------+

Top non-repeatable levels by time:
     D:1: 334 daAuts
